 Dungeon Crawl Stone Soup version 0.21.1-1-g345015f (webtiles) character file.

1449 Diojeanne the Cleaver (level 8, -7/71 HPs)
             Began as a Minotaur Berserker on Feb 6, 2018.
             Was an Elder of Trog.
             Killed from afar by an electric eel (11 damage)
             ... with a bolt of electricity
             ... on level 6 of the Dungeon.
             The game lasted 00:20:07 (5990 turns).

Diojeanne the Cleaver (Minotaur Berserker)          Turns: 5990, Time: 00:20:07

Health: -7/71      AC: 18    Str: 24    XL:     8   Next: 47%
Magic:  7/7        EV:  9    Int:  4    God:    Trog [****..]
Gold:   293        SH:  0    Dex: 10    Spells: 7/7 levels left

rFire    . . .     SeeInvis .   a - +0 shortbow
rCold    . . .     Gourm    .   (shield currently unavailable)
rNeg     . . .     Faith    .   u - +0 chain mail
rPois    .         Spirit   .   (helmet restricted)
rElec    .         Reflect  .   e - +2 cloak {MR+}
rCorr    .         Harm     .   y - +2 pair of gloves
MR       +....                  A - +0 pair of boots
Stlth    ..........             (no amulet)
HPRegen  0.21/turn              (no ring)
MPRegen  0.10/turn              (no ring)

@: no status effects
A: retaliatory headbutt, horns 2
a: Berserk, Trog's Hand, Brothers in Arms, Burn Spellbooks, Renounce Religion


You were on level 6 of the Dungeon.
You worshipped Trog.
Trog was greatly pleased with you.
You were not hungry.

You visited 1 branch of the dungeon, and saw 6 of its levels.

You collected 293 gold pieces.

Inventory:

Hand Weapons
 a - a +0 shortbow (weapon)
 b - a +0 war axe
 C - a +0 hunting sling
Missiles
 f - 90 arrows (quivered)
 h - 294 stones
Armour
 e - a +2 cloak of magic resistance (worn)
 u - a +0 chain mail (worn)
 y - a +2 pair of gloves (worn)
 A - a +0 pair of boots (worn)
Wands
 q - a wand of polymorph (10)
 w - a wand of enslavement (18)
Scrolls
 g - 11 scrolls of identify {unknown}
 i - a scroll of remove curse {unknown}
 l - 4 scrolls of teleportation {unknown}
 n - 3 scrolls of immolation {unknown}
 o - 3 scrolls of enchant armour {unknown}
 r - 4 scrolls of fear {unknown}
 s - a scroll of fog {unknown}
 v - a scroll of random uselessness {unknown}
 x - a scroll of blinking {unknown}
Potions
 d - 2 potions of lignification {unknown}
 j - a potion of agility {unknown}
 k - 2 potions of might {unknown}
 m - a potion of degeneration {unknown}
 t - 3 potions of curing {unknown}
 z - 2 potions of flight {unknown}
 B - a potion of invisibility {unknown}
Comestibles
 c - 11 rations


   Skills:
 - Level 6.5 Fighting
 + Level 8.5 Axes
 * Level 3.0 Bows
 + Level 7.7 Armour
 - Level 2.6 Dodging


You had 7 spell levels left.
You didn't know any spells.

Dungeon Overview and Level Annotations

Branches:
Dungeon (6/15)
 Temple: D:4-7

Altars:
Dithmenos
Fedhas
Hepliaklqana
Okawaru
Qazlal
Ru
Sif Muna
Uskayaw
Wu Jian
Xom
Zin
The Shining One


Innate Abilities, Weirdness & Mutations

You reflexively headbutt those who attack you in melee.
You have a pair of horns on your head.


Message History

You hear a splash.
The electric eel shoots out a bolt of lightning at you!
The bolt of electricity hits you!
The electric eel shoots out a bolt of lightning at you!
The bolt of electricity misses you.
The electric eel shoots out a bolt of lightning at you!
The bolt of electricity hits you!
* * * LOW HITPOINT WARNING * * *
The electric eel shoots out a bolt of lightning at you!
The bolt of electricity hits you!
* * * LOW HITPOINT WARNING * * *
The electric eel shoots out a bolt of lightning at you!
The bolt of electricity hits the electric eel.
The electric eel completely resists.
The bolt of electricity hits you!
* * * LOW HITPOINT WARNING * * *
The electric eel shoots out a bolt of lightning at you!
The bolt of electricity hits you!
The electric eel shoots out a bolt of lightning at you!
The bolt of electricity hits you!
You die...

#........≈#≈≈≈≈≈≈≈≈≈≈)≈≈
........#≈≈≈≈≈≈≈≈≈≈≈≈≈≈ #####..#
..#.≈≈≈≈#≈≈≈≈≈≈≈≈ ...##..#
#.#≈≈≈≈≈≈≈≈≈≈≈≈≈ .......#
#...≈#≈#≈≈;≈≈≈≈.... .......#
#.....#;;≈≈≈≈...... ##+###.#
#.#..##;≈.≈≈.......
##.###.#####.#..#....##(.#...####
....#..†...†....@.......(..(....#
....+...................#(......#
##..##..##.............)#.......#
##..##..##..............#.$.....#
.#......####+####+########.....##
.'......## ##...##.....##
.#.....†.# ...#...........##
##.......# ....#............<
##.......# ....#.............


You could see 4 electric eels.

Vanquished Creatures
  Grinder (D:3)
  Prince Ribbit (D:5)
  An ice beast (D:5)
  2 ogres
  A centaur (D:5)
  A scorpion (D:4)
  A howler monkey (D:4)
  4 crimson imps (D:5)
  A bullfrog skeleton (D:4)
  An orc priest (D:4)
  A hound (D:6)
  Crazy Yiuf (D:5)
  Jessica (D:3)
  An iguana (D:4)
  Ijyb (D:3)
  A worker ant (D:5)
  A hound skeleton (D:5)
  4 adders
  7 gnolls
  2 oozes
  4 worms
  8 dart slugs
  5 leopard geckos
  24 orcs
  3 giant cockroaches
  7 goblins
  5 hobgoblins
  6 jackals
  5 quokkas
  6 bats
  9 frilled lizards
  A kobold (D:1)
  2 quokka skeletons
  4 rats
123 creatures vanquished.

Vanquished Creatures (others)
  A plant (D:4)
1 creature vanquished.

Grand Total: 124 creatures vanquished

Notes
Turn   | Place    | Note
-------+----------+-------------------------------------------
     0 | D:1      | Diojeanne the Minotaur Berserker began the quest for the Orb.
     0 | D:1      | Reached XP level 1. HP: 19/19 MP: 0/0
   187 | D:1      | Reached XP level 2. HP: 19/27 MP: 1/1
   547 | D:1      | Reached skill level 4 in Axes
   608 | D:1      | Reached XP level 3. HP: 20/34 MP: 2/2
   992 | D:1      | Reached ** piety under Trog
  1245 | D:2      | Found a stormy altar of Qazlal.
  2377 | D:3      | Reached XP level 4. HP: 41/41 MP: 3/3
  2507 | D:3      | Noticed Ijyb
  2508 | D:3      | Noticed Jessica
  2524 | D:3      | Killed Ijyb
  2526 | D:3      | Killed Jessica
  2526 | D:3      | Reached skill level 5 in Axes
  2668 | D:3      | Noticed Grinder
  2673 | D:3      | Paralysed by Grinder for 5 turns
  2687 | D:3      | Paralysed by Grinder for 5 turns
  2693 | D:3      | Killed Grinder
  2693 | D:3      | Reached skill level 5 in Fighting
  2693 | D:3      | Reached skill level 6 in Axes
  2693 | D:3      | Reached XP level 5. HP: 23/48 MP: 4/4
  2693 | D:3      | Reached XP level 6. HP: 27/56 MP: 5/5
  3102 | D:3      | Found a sacrificial altar of Ru.
  3350 | D:4      | Reached skill level 5 in Armour
  3506 | D:4      | Reached XP level 7. HP: 43/62 MP: 6/6
  3689 | D:4      | Reached *** piety under Trog
  4192 | D:4      | Found an ornate altar of the Wu Jian Council.
  4393 | D:4      | Found a hazy altar of Hepliaklqana.
  4529 | D:5      | Entered Level 5 of the Dungeon
  4529 | D:5      | Found a glowing golden altar of the Shining One.
  4529 | D:5      | Noticed Prince Ribbit
  4539 | D:5      | Reached skill level 7 in Axes
  4542 | D:5      | Killed Prince Ribbit
  4552 | D:5      | Reached XP level 8. HP: 71/71 MP: 7/7
  4576 | D:5      | Found a shadowy altar of Dithmenos.
  4579 | D:5      | Found a glowing silver altar of Zin.
  4579 | D:5      | Found a blossoming altar of Fedhas.
  4582 | D:5      | Found a hide-covered altar of Uskayaw.
  4590 | D:5      | Found a deep blue altar of Sif Muna.
  4607 | D:5      | Reached skill level 8 in Axes
  4660 | D:5      | Reached skill level 1 in Bows
  5119 | D:5      | Found an iron altar of Okawaru.
  5143 | D:5      | Found a shimmering altar of Xom.
  5191 | D:5      | Reached **** piety under Trog
  5276 | D:5      | Found a runed door.
  5280 | D:5      | Noticed Crazy Yiuf
  5288 | D:5      | Killed Crazy Yiuf
  5989 | D:6      | HP: 3/71 [electric eel/bolt of electricity (15)]
  5990 | D:6      | Killed from afar by an electric eel

Skill      XL: |  1  2  3  4  5  6  7  8 |
---------------+-------------------------+-----
Fighting       | 4 5 6 |  6.5
Axes           | 4 6 7 8 |  8.5
Armour         | 4 5 6 7 |  7.7
Bows           | 3 |  3.0
Dodging        | |  2.6

Action                   |  1- 3 |  4- 6 |  7- 9 || total
-------------------------+-------+-------+-------++-------
Melee: Hand axe          |    81 |    69 |       ||   150
       Headbutt          |    15 |    17 |    14 ||    46
       War axe           |       |    26 |    69 ||    95
 Fire: Hunting sling     |       |     8 |    19 ||    27
       Shortbow          |       |       |    75 ||    75
Throw: Stone             |       |       |     2 ||     2
Invok: Berserk           |       |     1 |     1 ||     2
       Burn Spellbooks   |       |       |     1 ||     1
  Eat: Chunk             |     4 |     5 |     5 ||    14
       Ration            |       |       |     1 ||     1
Armor: Animal skin       |    12 |     1 |       ||    13
       Chain mail        |       |    46 |    66 ||   112
Dodge: Dodged            |    60 |    39 |    49 ||   148
